 Dungeon Crawl Stone Soup version 0.29-a0-389-gd8082fcd2d (webtiles) character file.

Game seed: 14462031911425168233

37802 MordorOrchid the Eclecticist (level 13, -2/98 HPs)
             Began as a Barachi Summoner on Mar 1, 2022.
             Was a Priest of Sif Muna.
             Slain by a black draconian knight
             ... wielding a +2 great sword of freezing
              (6 damage)
             ... on level 4 of the Abyss on May 8, 2022.
             The game lasted 02:31:12 (12493 turns).

MordorOrchid the Eclecticist (Barachi Summoner)    Turns: 12493, Time: 02:31:13

Health: -2/98      AC: 10    Str: 16    XL:     13   Next: 99%
Magic:  16/33      EV: 16    Int: 24    God:    Sif Muna [***...]
Gold:   576        SH:  0    Dex: 12    Spells: 6/45 levels left

rFire   + . .      SeeInvis .   p - +1 spear (venom)
rCold   + . .      Faith    .   (no shield)
rNeg    . . .      Spirit   .   L - +1 steam dragon scales
rPois   +          Reflect  .   T - +0 helmet {Int+3}
rElec   +          Harm     .   d - +0 cloak
rCorr   +          Rampage  .   (no gloves)
Will    .....                   N - +0 pair of boots
Stlth   +.........              (no amulet)
HPRegen 0.26/turn               Z - ring of wizardry
MPRegen 0.23/turn               S - +6 ring of strength

@: resistant, unable to hop, hasted, glowing, very quick
A: amphibious, slowness 1, strong legs 2, +LOS
a: Hop, Renounce Religion, Channel Magic, Forget Spell


You were on level 4 of the Abyss.
You worshipped Sif Muna.
Sif Muna was most pleased with you.
You visited 4 branches of the dungeon, and saw 16 of its levels.
You visited the Abyss 1 time.
You also visited: Sewer and Ice Cave.

You collected 1789 gold pieces.
You spent 1213 gold pieces at shops.

Inventory:

Hand Weapons
 a - a +2 flail of holy wrath
 j - a +2 hunting sling of freezing
 p - a +1 spear of venom (weapon)
 s - a +3 arbalest of freezing
 y - a +2 dagger of electrocution
 G - a +1 scimitar of flaming
 P - a +3 quarterstaff of chaos
 Y - a +4 short sword of venom
Missiles
 f - 10 boomerangs
 m - 12 poisoned darts (quivered)
 E - 2 throwing nets
Armour
 d - a +0 cloak (worn)
 w - a +2 ring mail of fire resistance
 A - a +2 robe of willpower
 H - a +0 kite shield
 J - +0 acid dragon scales
 L - +1 steam dragon scales (worn)
 N - a +0 pair of boots (worn)
 T - a +0 helmet of intelligence (worn)
 V - a +1 robe of cold resistance
 X - a +0 robe of positive energy
Magical Staves
 h - a staff of cold
Jewellery
 C - the ring "Tuuxedy" {Ice Int+3}
   (You found it on level 4 of the Dungeon)

   [ring of ice]

   It enhances your ice magic.
   Int:       It affects your intelligence (+3).
   rF:        It makes you vulnerable to fire.
   rC:        It protects you from cold.
 S - a +6 ring of strength (right hand)
 U - a ring of willpower
 Z - a ring of wizardry (left hand)
Wands
 B - a wand of polymorph (5)
 O - a wand of digging (5)
 Q - a wand of flame (8)
Scrolls
 c - 13 scrolls of teleportation
 q - 2 scrolls of fear
 r - 2 scrolls of fog
 t - 3 scrolls of torment
 v - 7 scrolls of blinking
 z - 2 scrolls of vulnerability
 R - a scroll of magic mapping
 W - a scroll of identify
Potions
 e - 3 potions of magic
 i - a potion of cancellation
 l - 3 potions of brilliance
 n - 9 potions of curing
 o - 3 potions of flight
 u - a potion of attraction
 x - a potion of heal wounds
 D - 2 potions of might
 F - a potion of berserk rage
 I - 2 potions of invisibility
 K - 3 potions of ambrosia
Miscellaneous
 g - a phial of floods
 k - a lightning rod (2/4)


   Skills:
 * Level 8.1 Fighting
 - Level 4.0 Short Blades
 - Level 5.0 Armour
 - Level 9.7 Dodging
 - Level 3.0 Stealth
 * Level 6.7 Unarmed Combat
 - Level 16.5 Spellcasting
 - Level 12.0 Summonings
 * Level 3.7 Necromancy
 - Level 2.0 Translocations
 * Level 0.8 Transmutations
 - Level 5.0 Ice Magic
 - Level 4.0 Air Magic
 * Level 2.1 Earth Magic
 - Level 5.0 Invocations
 - Level 5.0 Evocations


You had 6 spell levels left.
You knew the following spells:

 Your Spells              Type           Power      Damage    Failure   Level
a - Frozen Ramparts       Ice            86%        1d10      1%          3
b - Call Imp              Summ           67%        N/A       1%          2
c - Call Canine Familiar  Summ           67%        N/A       1%          3
d - Summon Guardian Gole  Hex/Summ       48%        N/A       1%          3
j - Summon Lightning Spi  Summ/Air       55%        N/A       1%          4
s - Summon Ice Beast      Ice/Summ       57%        N/A       1%          4
u - Animate Skeleton      Necr           74%        N/A       1%          1
z - Apportation           Tloc           58%        N/A       1%          1
E - Borgnjor's Vile Clut  Necr/Erth      16%        N/A       9%          5
S - Summon Hydra          Summ           33%        N/A       7%          7
Y - Statue Form           Tmut/Erth      17%        N/A       63%         6

Your spell library contained the following spells:

 Spells                   Type           Power      Damage    Failure   Level
 Summon Small Mammal      Summ           100%       N/A       0%          1
 Scorch                   Fire           38%        2d6       1%          2
 Static Discharge         Conj/Air       29%        N/A       1%          2
 Sublimation of Blood     Necr           37%        N/A       1%          2
 Wereblood                Tmut           24%        N/A       1%          2
 Animate Armour           Summ/Erth      100%       N/A       1%          4
 Portal Projectile        Hex/Tloc       48%        N/A       2%          3
 Conjure Flame            Conj/Fire      19%        6-21      3%          3
 Ignite Poison            Fire/Tmut/Pois 21%        N/A       3%          3
 Ice Form                 Ice/Tmut       33%        N/A       3%          4
 Leda's Liquefaction      Hex/Erth       12%        N/A       7%          4
 Sticky Flame             Conj/Fire      19%        2d4       11%         4
 Lightning Bolt           Conj/Air       14%        1d28      13%         5
 Starburst                Conj/Fire      9%         6d5       82%         6
 Ignition                 Fire           9%         3d5       100%        8
 Lehudib's Crystal Spear  Conj/Erth      12%        10d4      100%        8
 Maxwell's Capacitive Co  Air            19%        ∞         100%        8
 Shatter                  Erth           14%        3d14*     100%        9


Dungeon Overview and Level Annotations

Branches:
Dungeon (12/15)            Temple (1/1) D:5            Lair (0/6) D:8
    Orc (2/2) D:11            Elf (1/3) Orc:2         Sewer (visited)
  IceCv (visited)

Altars:
Ashenzari
Cheibriados
Dithmenos
Elyvilon
Fedhas
Gozag
Hepliaklqana
Kikubaaqudgha
Makhleb
Nemelex Xobeh
Okawaru
Qazlal
Ru
Sif Muna
Trog
Uskayaw
Vehumet
Wu Jian
Xom
Yredelemnul
Zin
The Shining One
Beogh

Shops:
D:7 *   Orc:1 (   Orc:2 [((!=


Innate Abilities, Weirdness & Mutations

You are amphibious.
You cover ground slowly.
You can hop long distances.
You have an extended range of vision and can be seen from far away.


Message History

The ynoxinul closely misses you.
You fail to use your ability.
A bolt of lightning appears from out of thin air!
The bolt of lightning hits you! You resist.
* * * LOW HITPOINT WARNING * * *
The black draconian knight mumbles some strange words.
The black draconian knight flickers and vanishes!
A starcursed mass splits.
The ynoxinul misses you.
A daeva opens the door.
The dungeon rumbles!
You kill the draconian!
That felt strangely unrewarding.
The ynoxinul is severely wounded.
You kill the draconian!
That felt strangely unrewarding.
The draconian is severely wounded.
The black draconian knight is heavily wounded.
The draconian is moderately wounded.
The starcursed mass is heavily damaged.
The starcursed mass is moderately damaged.
Ka-crash!
You can no longer call upon Sif Muna to cast any spell from your library.
The starcursed mass shudders and is absorbed by its neighbour.
You hear a shout! x2
A quicksilver dragon comes into view.
Unknown command.
Okay, then.
Okay, then.
Unknown command.
The black draconian knight breathes lightning at you.
The bolt of lightning hits you! You resist.
* * * LOW HITPOINT WARNING * * *
The bolt of lightning hits you! You resist.
* * * LOW HITPOINT WARNING * * *
Unknown command.
Hop to where?
Press: ? - help, Dir - move target A sixfirhy comes into view.
Boing!
The black draconian knight hits you with a +2 great sword of freezing.
You die...

## ##. .. .# .. ..##
#. .... ##. ## ...#
..###..# D...# #Aφ3#
#..#.#
..###@#####.)..#..
.......D.q.○#.§....#
#....Xdq.©d.3)......
......#.....#......#
.......#.####........
. #....##.####
.....###. .. ####
##©.©######## ..#.
#...... . .#..
###.#..# #. .. .


You could see a starcursed mass, a daeva, 2 draconians, a quicksilver dragon, 2
draconians, a sixfirhy and a ynoxinul.

Vanquished Creatures
  A frost giant (IceCv)
  2 orc knights
  A deep elf pyromancer (Elf:1)
  2 draconians (Abyss:4)
  2 rime drakes (IceCv)
  A polar bear (IceCv)
  A hornet (D:11)
  3 yaks
  2 wyverns
  4 orc warriors
  An ogre (Orc:2)
  A scorpion (D:5)
  An electric eel (D:8)
  A centaur zombie (D:6)
  A hound (D:7)
  An orc priest (D:3)
  5 orc wizards
  An iguana (D:5)
  2 gnolls
  An adder (D:3)
  A river rat (Sewer)
  2 white imps (Orc:2)
  A worm (D:3)
  10 orcs
  An endoplasm (D:3)
  2 giant cockroaches
  2 goblins
  A hobgoblin (D:2)
  A jackal (D:3)
  A quokka (D:5)
  4 ball pythons
  A bat (D:1)
  A frilled lizard (D:3)
  7 kobolds
  6 rats
  2 lurking horrors (Abyss:4)
77 creatures vanquished.

Vanquished Creatures (collateral kills)
  Donald (Orc:2)
  Fannar (D:10)
  A hydra (D:11)
  2 two-headed ogres (D:9)
  6 death yaks (IceCv)
  3 orc high priests (Orc:2)
  A dancing weapon (Elf:1)
  A deep elf zephyrmancer (Elf:1)
  3 orc knights (Orc:2)
  6 orc sorcerers
  2 cyclopes
  A gargoyle (D:7)
  An ice statue (IceCv)
  2 komodo dragons
  4 rime drakes (IceCv)
  3 polar bears (IceCv)
  3 trolls
  3 slime creatures (D:12)
  Sigmund (D:5)
  42 yaks
  A water elemental (Elf:1)
  2 wraiths
  2 shadows
  2 steam dragons
  7 wargs
  An acid dragon (D:11)
  Duvessa (D:7)
  A water moccasin (D:7)
  2 black bears
  23 orc warriors
  3 ice beasts
  2 sky beasts
  3 ogres
  7 wolves (IceCv)
  3 centaurs
  A phantom (D:6)
  2 kobold brigands
  A bullfrog (D:8)
  2 necrophages
  A gnoll sergeant (D:5)
  14 wights
  A wyvern skeleton (D:6)
  Dowan (D:7)
  11 killer bees
  8 howler monkeys
  A lava snake (D:8)
  A bullfrog zombie (D:6)
  2 centaur zombies (D:6)
  A hound (D:5)
  A bullfrog skeleton (D:6)
  A gnoll shaman (D:7)
  12 orc priests
  Crazy Yiuf (D:7)
  3 jellies
  2 iguanas
  16 orc wizards
  A hell rat (Sewer)
  A howler monkey zombie (D:6)
  10 adders
  12 gnolls
  2 shadow imps (D:6)
  11 white imps
  3 dart slugs
  55 orcs
  5 bats
  3 endoplasms (D:1)
  4 giant cockroaches
  6 goblins
  5 hobgoblins
  2 jackals (D:4)
  6 quokkas
  5 ball pythons
  A frilled lizard (D:2)
  15 kobolds
  7 rats
384 creatures vanquished.

Vanquished Creatures (others)
  7 fungi
  6 toadstools (D:9)
  3 withered plants (D:6)
16 creatures vanquished.

Grand Total: 477 creatures vanquished

Notes
Turn   | Place    | Note
-------+----------+-------------------------------------------
     0 | D:1      | MordorOrchid the Barachi Summoner began the quest for the
                  | Orb.
     0 | D:1      | Reached XP level 1. HP: 13/13 MP: 3/3
   389 | D:1      | Reached skill level 5 in Summonings
   389 | D:1      | Reached XP level 2. HP: 15/19 MP: 1/5
   392 | D:1      | Learned a level 2 spell: Call Imp
   984 | D:1      | Reached XP level 3. HP: 24/24 MP: 5/7
  1015 | D:1      | Reached skill level 3 in Spellcasting
  1051 | D:1      | Learned a level 3 spell: Call Canine Familiar
  1614 | D:2      | Reached XP level 4. HP: 31/31 MP: 8/8
  1853 | D:3      | Reached skill level 1 in Fighting
  1859 | D:3      | Reached XP level 5. HP: 31/37 MP: 2/10
  1911 | D:3      | Found a faded altar of an unknown god.
  1929 | D:3      | Found a glowing drain.
  1980 | Sewer    | Entered a sewer
  2509 | D:3      | Reached skill level 4 in Spellcasting
  2509 | D:3      | Reached XP level 6. HP: 44/44 MP: 4/12
  2511 | D:3      | Learned a level 1 spell: Animate Skeleton
  2602 | D:3      | Upgraded the game from 0.29-a0-231-g945431f764 to
                  | 0.29-a0-319-gad05b8d819
  2602 | D:3      | Upgraded the game from 0.29-a0-319-gad05b8d819 to
                  | 0.29-a0-321-gf1c400731a
  2756 | D:4      | Noticed a yak
  2760 | D:4      | Noticed a yak
  3124 | D:4      | Noticed a yak
  3337 | D:4      | Noticed a yak
  3345 | D:4      | Noticed a yak
  3364 | D:4      | Reached skill level 5 in Spellcasting
  3371 | D:4      | Noticed a yak
  3403 | D:4      | Killed a yak
  3404 | D:4      | Reached skill level 1 in Necromancy
  3404 | D:4      | Reached XP level 7. HP: 41/50 MP: 8/15
  3535 | D:4      | Identified the ring "Tuuxedy" {Ice Int+3}
  3743 | D:4      | Learned a level 4 spell: Summon Lightning Spire
  3757 | D:4      | Noticed a yak
  3759 | D:4      | Noticed a yak
  3771 | D:4      | Killed a yak
  3772 | D:4      | Reached skill level 6 in Spellcasting
  3780 | D:4      | Reached skill level 1 in Air Magic
  3857 | D:4      | Killed a yak
  3858 | D:4      | Reached XP level 8. HP: 56/56 MP: 8/18
  3921 | D:4      | Found a stormy altar of Qazlal.
  3924 | D:4      | Found a sparkling altar of Nemelex Xobeh.
  3981 | D:4      | Killed a yak
  3982 | D:4      | Reached skill level 7 in Spellcasting
  4033 | D:4      | Killed a yak
  4044 | D:4      | Killed a yak
  4045 | D:4      | Reached skill level 8 in Spellcasting
  4179 | D:4      | Killed a yak
  4180 | D:4      | Reached skill level 5 in Dodging
  4246 | D:4      | Killed a yak
  4318 | D:4      | Learned a level 4 spell: Summon Ice Beast
  4320 | D:5      | Entered Level 5 of the Dungeon
  4357 | D:5      | Noticed Sigmund
  4372 | D:5      | Killed Sigmund
  4373 | D:5      | Reached XP level 9. HP: 62/62 MP: 16/21
  4454 | D:5      | Reached skill level 9 in Spellcasting
  4454 | D:5      | Reached skill level 1 in Ice Magic
  4830 | D:5      | Found a staircase to the Ecumenical Temple.
  4850 | Temple   | Entered the Ecumenical Temple
  4879 | Temple   | Became a worshipper of Sif Muna the Loreminder
  4917 | D:5      | Reached skill level 1 in Armour
  5104 | D:5      | Reached skill level 1 in Evocations
  5237 | D:6      | Found a broken altar of Ashenzari.
  5290 | D:6      | Found a shimmering altar of Xom.
  5388 | D:6      | Reached * piety under Sif Muna
  5484 | D:6      | Found a radiant altar of Vehumet.
  5512 | D:6      | Reached skill level 10 in Spellcasting
  5741 | D:6      | Reached XP level 10. HP: 71/71 MP: 12/24
  5757 | D:6      | Reached skill level 1 in Invocations
  5967 | D:7      | Found a sacrificial altar of Ru.
  6061 | D:7      | Found an ancient bone altar of Kikubaaqudgha.
  6065 | D:7      | Noticed Duvessa
  6104 | D:7      | Noticed Dowan
  6124 | D:7      | Killed Dowan
  6137 | D:7      | Noticed a gargoyle
  6145 | D:7      | Killed Duvessa
  6170 | D:7      | Killed a gargoyle
  6171 | D:7      | Reached skill level 11 in Spellcasting
  6228 | D:7      | Found a shadowy altar of Dithmenos.
  6299 | D:7      | Found a runed translucent door.
  6300 | D:7      | Noticed Crazy Yiuf
  6316 | D:7      | Killed Crazy Yiuf
  6368 | D:7      | Reached ** piety under Sif Muna
  6399 | D:7      | Found a snail-covered altar of Cheibriados.
  6503 | D:7      | Found Guobiot's Elemental Accessories.
  6535 | D:7      | Bought a wand of flame (2) for 28 gold pieces
  6782 | D:8      | Reached skill level 5 in Fighting
  6785 | D:8      | Reached skill level 10 in Summonings
  6901 | D:8      | Reached XP level 11. HP: 79/79 MP: 21/26
  7022 | D:8      | Reached skill level 12 in Spellcasting
  7119 | D:8      | Found a staircase to the Lair.
  7326 | D:8      | Learned a level 1 spell: Apportation
  7344 | D:9      | Reached *** piety under Sif Muna
  7398 | D:9      | Reached skill level 1 in Unarmed Combat
  7485 | D:9      | Noticed a two-headed ogre
  7494 | D:9      | Killed a two-headed ogre
  7495 | D:9      | Reached skill level 5 in Armour
  7724 | D:9      | Noticed a two-headed ogre
  7735 | D:9      | Killed a two-headed ogre
  7736 | D:9      | Reached skill level 1 in Translocations
  7815 | D:10     | Entered Level 10 of the Dungeon
  7884 | D:10     | Reached skill level 5 in Evocations
  7888 | D:10     | Reached skill level 13 in Spellcasting
  7950 | D:10     | Reached **** piety under Sif Muna
  8055 | D:10     | Found an opulent altar of Gozag.
  8080 | D:10     | Reached XP level 12. HP: 88/88 MP: 21/29
  8098 | D:10     | Noticed Fannar
  8123 | D:10     | Killed Fannar
  8262 | D:11     | Noticed a seven-headed hydra
  8279 | D:11     | Killed a seven-headed hydra
  8562 | D:11     | Found a staircase to the Orcish Mines.
  8583 | D:11     | Reached skill level 14 in Spellcasting
  8722 | D:11     | Found a broken altar of Ashenzari.
  9694 | D:12     | Upgraded the game from 0.29-a0-321-gf1c400731a to
                  | 0.29-a0-322-g68df515428
  9698 | D:12     | Learned a level 3 spell: Frozen Ramparts
  9746 | Orc:1    | Entered Level 1 of the Orcish Mines
  9773 | Orc:1    | Noticed a soul eater
  9777 | Orc:1    | Reached skill level 1 in Short Blades
  9980 | Orc:2    | Entered Level 2 of the Orcish Mines
  9980 | Orc:2    | Found Repeus's Jewellery Shoppe.
  9980 | Orc:2    | Found a frozen archway.
  9997 | Orc:2    | Reached ***** piety under Sif Muna
 10068 | IceCv    | Entered an ice cave
 10092 | IceCv    | Noticed a death yak
 10105 | IceCv    | Received a gift from Sif Muna
 10117 | IceCv    | Killed a death yak
 10163 | IceCv    | Noticed a death yak
 10184 | IceCv    | Killed a death yak
 10187 | IceCv    | Reached skill level 5 in Invocations
 10505 | IceCv    | Noticed a frost giant
 10505 | IceCv    | Noticed a death yak
 10526 | IceCv    | Killed a frost giant
 10527 | IceCv    | Reached skill level 5 in Unarmed Combat
 10527 | IceCv    | Reached skill level 15 in Spellcasting
 10527 | IceCv    | Gained mutation: You can hop long distances. [Barachi
                  | growth]
 10527 | IceCv    | Reached XP level 13. HP: 61/97 MP: 30/32
 10565 | IceCv    | Reached skill level 5 in Ice Magic
 10870 | Orc:2    | Noticed Donald
 10877 | Orc:2    | Killed Donald
 11026 | Orc:2    | Found a staircase to the Elven Halls.
 11060 | Orc:2    | Paralysed by an orc sorcerer for 7 turns
 11234 | Orc:2    | Reached skill level 16 in Spellcasting
 11915 | Orc:2    | Found Butye's Distillery.
 11920 | Orc:2    | Found Quyran's Antique Weapon Shop.
 11924 | Orc:2    | Bought a potion of degeneration for 10 gold pieces
 11924 | Orc:2    | Bought a potion of magic for 80 gold pieces
 11926 | Orc:2    | Found Vuechiom's Antique Weapon Shop.
 11928 | Orc:2    | Found Cusuekoj's Armour Emporium.
 11962 | Orc:2    | Bought 2 potions of invisibility for 160 gold pieces
 11962 | Orc:2    | Bought a potion of haste for 100 gold pieces
 11962 | Orc:2    | Bought a potion of brilliance for 40 gold pieces
 11962 | Orc:2    | Bought a potion of curing for 30 gold pieces
 11964 | Orc:2    | Bought a steaming flail for 255 gold pieces
 11964 | Orc:2    | Identified the +2 flail of Racotrim {spect, Fly Str+3} (You
                  | bought it in a shop on level 2 of the Orcish Mines)
 11965 | Orc:2    | Upgraded the game from 0.29-a0-322-g68df515428 to
                  | 0.29-a0-389-gd8082fcd2d
 11969 | Orc:2    | Learned a level 3 spell: Summon Guardian Golem
 12026 | Orc:2    | Bought a ring of wizardry for 510 gold pieces
 12052 | Orc:1    | Received a gift from Sif Muna
 12053 | Orc:1    | Got Sif Muna's Collected Works on Igneous Clay {god gift}
 12062 | Orc:1    | Learned a level 7 spell: Summon Hydra
 12068 | Orc:1    | Learned a level 5 spell: Borgnjor's Vile Clutch
 12207 | Orc:1    | Reached skill level 1 in Earth Magic
 12289 | Orc:1    | Found Cicuipeops's Weapon Boutique.
 12441 | Orc:2    | Learned a level 6 spell: Statue Form
 12442 | Elf:1    | Entered Level 1 of the Elven Halls
 12458 | Elf:1    | Noticed a deep elf sorcerer
 12459 | Elf:1    | Cast into level 4 of the Abyss (a deep elf sorcerer)
 12468 | Abyss:4  | Found a transporter.
 12482 | Abyss:4  | Noticed a black draconian knight
 12482 | Abyss:4  | Noticed a black draconian knight
 12489 | Abyss:4  | Noticed a quicksilver dragon
 12489 | Abyss:4  | Noticed a starcursed mass
 12491 | Abyss:4  | Noticed a daeva
 12491 | Abyss:4  | Noticed a quicksilver dragon
 12492 | Abyss:4  | HP: 4/98 [black draconian knight/bolt of lightning (8)]
 12493 | Abyss:4  | Slain by a black draconian knight

Illustrated notes

Levels and vault maps discovered:
D:1:      dpeg_arrival_boxorama, layout_loops_ring, st_stairs_5
D:2:      layout_loops_ring, kennysheep_generic_room_7
D:3:      layout_basic, hellmonk_ecumenical_altar_crossroads,
          gup_sewer_entry_glass
D:4:      layout_loops_corners, nicolae_overflow_squiral, grunt_decor_arrowhead,
          minmay_misc_feat_chi
D:5:      layout_loops_corners, minmay_temple_entry_stoned_glass,
          grunt_decor_resistance, uniq_sigmund
D:6:      layout_rooms, mainiacjoe_overflow_small_starburst,
          general_overflow_altar, mainiacjoe_overflow_concentric_impassable,
          serial_undead, serial_undead_b, serial_undead_c, serial_undead_f,
          serial_undead_b
D:7:      cheibrodos_statue_roulette, layout_loops_ring,
          mainiacjoe_overflow_brackets, mainiacjoe_overflow_catch_the_wave,
          overflow_temple_1_default, nicolae_elemental_shop,
          uniq_crazy_yiuf_cottage, uniq_duvessa
D:8:      layout_rooms, erik_lair_orcish_takeover, nicolae_lava_and_water
D:9:      layout_irregular_city, minmay_gold_behind_fungi
D:10:     layout_rooms, kennysheep_mini, uniq_fannar
D:11:     layout_long_grid, david_orc_5, nicolae_ashenzari_skybound
D:12:     layout_basic
Temple:   minmay_temple_bridge_abc
Orc:1:    layout_caves, serial_shops, shop, nooodl_orcs_dogs
Orc:2:    st_orc_elflike, layout_diamond_mine, serial_shops, shop,
          portal_ice_cave_entry_imps, abandoned_shop, nicolae_orc_lost_temple,
          uniq_donald
Elf:1:    layout_geoelf_diagonals, mu_enter_wizlab_3, serial_shops, shop,
          minmay_elf_demonology
Abyss:4:  base: Orc:2, gammafunk_abyss_rune_reverse_zot

Skill      XL: |  1  2  3  4  5  6  7  8  9 10 11 12 13 |
---------------+----------------------------------------+-----
Summonings     | 5 6 7 8 9 10 11 12 | 12.0
Stealth        | 2 3 |  3.0
Spellcasting   | 3 4 5 6 8 10 11 13 15 16 | 16.5
Fighting       | 1 2 3 5 6 7 8 |  8.1
Dodging        | 3 4 5 6 7 8 9 |  9.7
Necromancy     | 1 3 |  3.7
Air Magic      | 1 3 4 |  4.0
Ice Magic      | 2 4 5 |  5.0
Armour         | 2 4 5 |  5.0
Evocations     | 2 4 5 |  5.0
Invocations    | 2 3 5 |  5.0
Unarmed Combat | 3 5 6 |  6.7
Translocations | 2 |  2.0
Short Blades   | 3 4 |  4.0
Earth Magic    | 2 |  2.1
Transmutations | |  0.8

Action                   |  1- 3 |  4- 6 |  7- 9 | 10-12 | 13-15 || total
-------------------------+-------+-------+-------+-------+-------++-------
Melee: Unarmed           |     9 |       |       |       |       ||     9
       Dagger            |     9 |       |       |       |       ||     9
       Club              |     1 |       |       |       |       ||     1
       Spear             |     5 |    79 |    48 |   110 |    52 ||   294
       Short sword       |     2 |       |       |       |       ||     2
       Flail             |       |       |     8 |    14 |       ||    22
       Punch             |       |       |       |     4 |       ||     4
Throw: Dart              |       |     3 |     3 |     3 |     7 ||    16
 Cast: Summon Small Mamm |    12 |       |       |       |       ||    12
       Call Imp          |    16 |    27 |    30 |     4 |       ||    77
       Call Canine Famil |     6 |    24 |    37 |    50 |    19 ||   136
       Animate Skeleton  |       |     6 |    14 |    64 |    38 ||   122
       Summon Lightning  |       |       |    16 |    68 |    37 ||   121
       Summon Ice Beast  |       |       |    10 |    52 |    29 ||    91
       Apportation       |       |       |       |     9 |     8 ||    17
       Summon Hydra      |       |       |       |       |     7 ||     7
       Borgnjor's Vile C |       |       |       |       |     4 ||     4
       Shatter           |       |       |       |       |     2 ||     2
Invok: Channel Magic     |       |       |       |     3 |     4 ||     7
       Divine Exegesis   |       |       |       |       |     2 ||     2
 Abil: Hop               |     1 |       |       |       |     1 ||     2
Evoke: Wand              |       |       |       |     3 |       ||     3
       Lightning rod     |       |       |       |     5 |     5 ||    10
  Use: Scroll            |       |    10 |     5 |    11 |       ||    26
       Potion            |       |     4 |       |     2 |     3 ||     9
 Stab: Sleeping          |     3 |     2 |     2 |     1 |       ||     8
       Distracted        |       |       |     2 |     4 |     1 ||     7
Armor: Robe              |    13 |    17 |    10 |       |       ||    40
       Steam dragon scal |       |       |       |    26 |    18 ||    44
Dodge: Dodged            |    38 |    33 |    29 |   104 |    63 ||   267

Table legend: (Time is in decaauts)
 A = Elapsed time spent in this place.
 B = Non-inter-level travel time spent in this place.
 C = Inter-level travel time spent in this place.
 D = Time resting spent in this place.
 E = Time spent auto-exploring this place.
 F = Levels seen in this place.
 G = Mean time per level.
                   A        B        C        D        E       F      G
               +--------+--------+--------+--------+--------+-----+--------+
         Total |  14258 |  13044 |   1214 |   1364 |      0 |  19 |  750.4 |
       Dungeon |  11075 |  10013 |   1062 |    750 |      0 |  12 |  922.9 |
        Temple |     60 |     35 |     25 |      0 |      0 |   1 |   60.0 |
  Orcish Mines |   2184 |   2057 |    127 |    396 |      0 |   2 | 1092.0 |
   Elven Halls |     17 |     17 |      0 |      0 |      0 |   1 |   17.0 |
         Abyss |     31 |     31 |      0 |      0 |      0 |   1 |   31.0 |
         Sewer |     95 |     95 |      0 |      0 |      0 |   1 |   95.0 |
      Ice Cave |    794 |    794 |      0 |    218 |      0 |   1 |  794.0 |
               +--------+--------+--------+--------+--------+-----+--------+

Top non-repeatable levels by time:
     D:4: 1682 daAuts
     D:1: 1310 daAuts
   Orc:2: 1240 daAuts
    D:11: 1115 daAuts
     D:5: 1108 daAuts
     D:3: 1076 daAuts
   Orc:1: 943 daAuts
     D:7: 941 daAuts
   IceCv: 794 daAuts
     D:2: 766 daAuts
     D:8: 734 daAuts
     D:6: 650 daAuts
    D:12: 617 daAuts
     D:9: 605 daAuts
    D:10: 465 daAuts
